 Dungeon Crawl Stone Soup version 0.24.1-4-ge52af88ad5 (webtiles) character file.

Game seed: 15503795244091516359, levelgen mode: deterministic

70 Gruesph the Insei (level 4, 0/32 HPs)
             Began as a Merfolk Transmuter on Apr 15, 2020.
             Succumbed to an adder's poison
             ... on level 2 of the Dungeon.
             The game lasted 00:08:19 (1803 turns).

Gruesph the Insei (Merfolk Transmuter)              Turns: 1803, Time: 00:08:19

Health: 0/32       AC:  3    Str: 13 (16) XL:     4   Next: 21%
Magic:  7/7        EV: 12    Int: 15 (17) God:
Gold:   83         SH:  0    Dex: 11 (14) Spells: 1/7 levels left

rFire    + . .     SeeInvis .     - Unarmed
rCold    + . .     Gourm    .   (no shield)
rNeg     . . .     Faith    .   b - +0 robe
rPois    +         Spirit   .   (no helmet)
rElec    +         Reflect  .   (no cloak)
rCorr    +         Harm     .   l - +0 pair of gloves
MR       .....                  (no boots)
Stlth    ++........             (no amulet)
HPRegen  0.10/turn              (no ring)
MPRegen  0.10/turn              (no ring)

@: mighty, brilliant, lethally poisoned (0 -> -2), resistant, flying, very
slightly contaminated, invisible
A: change form in water, swift swim, stealthy swim
a: no special abilities


You were on level 2 of the Dungeon.
You were not hungry.

You visited 1 branch of the dungeon, and saw 2 of its levels.

You collected 83 gold pieces.

Inventory:

Missiles
 a - 21 arrows
 c - 90 stones
 e - 5 poisoned darts (quivered)
Armour
 b - a +0 robe (worn)
 l - a +0 pair of gloves (worn)
Scrolls
 d - a scroll of magic mapping {unknown}
 h - a scroll of noise {unknown}
 k - a scroll of fear {unknown}
 q - a scroll of random uselessness {unknown}
Comestibles
 f - a ration


   Skills:
 - Level 1.1 Fighting
 - Level 2.6 Dodging
 - Level 2.0 Stealth
 + Level 4.6 Unarmed Combat
 - Level 2.0 Spellcasting
 - Level 2.6 Transmutations
 + Level 1.6 Poison Magic


You had one spell level left.
You knew the following spells:

 Your Spells              Type           Power        Failure   Level  Hunger
a - Beastly Appendage     Tmut           ###...       1%          1    #......
b - Sticks to Snakes      Tmut           ###.....     1%          2    ###....
c - Spider Form           Tmut/Pois      ###.......   3%          3    ###....

Your spell library contained the following spells:

 Spells                   Type           Power        Failure   Level  Hunger
 Ice Form                 Ice/Tmut       ##......     13%         4    #####..
 Blade Hands              Tmut           ###.......   21%         5    ######.


Dungeon Overview and Level Annotations

Branches:
Dungeon (2/15)

Altars:
Fedhas


Message History

It was a potion of invisibility.
You fade into invisibility!
You are very lightly contaminated with residual magic.
It was a potion of brilliance.
You feel clever all of a sudden.
* * * LOW HITPOINT WARNING * * *
You feel sick.
It was a potion of magic.
Magic courses through your body.
There is a lethal amount of poison in your body!
Your transformation has ended.
Your +0 pair of gloves unmelds from your body.
Your +0 robe unmelds from your body.
There is a lethal amount of poison in your body!
* * * LOW HITPOINT WARNING * * *
You feel sick.
* * * LOW HITPOINT WARNING * * *
You feel sick.
There is a lethal amount of poison in your body!
There is a lethal amount of poison in your body!
You die...

#.≈≈≈≈..PP.≈≈≈≈..#
#.≈≈≈≈<._♣>≈≈≈≈.(# #
#.≈≈≈≈.PP.P≈≈≈≈...
#.###..≈≈≈≈.P.≈≈≈≈....
#......≈≈≈≈≈≈≈≈≈≈≈....
#....≈≈≈≈≈≈≈≈≈....$
###.##..≈≈≈≈≈≈≈......
####...###...≈≈≈...##..#
.......# ###....@......#
...##..### ########..#.#
..###....### ##
...........##
..###.......##
..##.........#
...#.........#
...#.........#
##.#.........#


There were no monsters in sight!

Vanquished Creatures
  3 gnolls
  An adder (D:2)
  10 bats
  3 giant cockroaches
  A goblin (D:1)
  A hobgoblin (D:1)
  4 frilled lizards (D:1)
  5 kobolds
  6 rats
34 creatures vanquished.

Notes
Turn   | Place    | Note
-------+----------+-------------------------------------------
     0 | D:1      | Gruesph the Merfolk Transmuter began the quest for the Orb.
     0 | D:1      | Reached XP level 1. HP: 15/15 MP: 3/3
   136 | D:1      | Reached skill level 1 in Stealth
   188 | D:1      | Reached XP level 2. HP: 21/21 MP: 5/5
   192 | D:1      | Learned a level 2 spell: Sticks to Snakes
  1016 | D:2      | Reached skill level 4 in Unarmed Combat
  1016 | D:2      | Reached XP level 3. HP: 22/26 MP: 6/6
  1097 | D:2      | Learned a level 3 spell: Spider Form
  1367 | D:2      | Reached skill level 1 in Poison Magic
  1614 | D:2      | Reached XP level 4. HP: 30/32 MP: 7/7
  1752 | D:2      | Found a blossoming altar of Fedhas.
  1795 | D:2      | HP: 1/32 [poisoned by an adder]
  1803 | D:2      | Succumbed to an adder's poison

Levels and vault maps discovered:
D:1:      sevenhm_arrival_forest_fort_small_3, layout_loops_corners
D:2:      layout_rooms, fedhas_ov_isle_minmay, marbit_many_paths

Skill      XL: |  1  2  3 |
---------------+----------+-----
Stealth        | 1 2 |  2.0
Unarmed Combat | 4 |  4.6
Poison Magic   | 1 |  1.6
Fighting       | |  1.1
Dodging        | |  2.6
Spellcasting   | |  2.0
Transmutations | |  2.6

Action                   |  1- 3 |  4- 6 || total
-------------------------+-------+-------++-------
Melee: Unarmed           |    99 |    20 ||   119
       Punch             |     1 |       ||     1
Throw: Dart              |    11 |     4 ||    15
 Cast: Beastly Appendage |     1 |     1 ||     2
       Spider Form       |       |     1 ||     1
 Abil: End Transformatio |       |     1 ||     1
  Use: Potion            |       |     7 ||     7
 Stab: Sleeping          |     5 |       ||     5
  Eat: Chunk             |     2 |     1 ||     3
Armor: Robe              |    19 |     2 ||    21
Dodge: Dodged            |    76 |    12 ||    88
